 Dungeon Crawl Stone Soup version 0.17-a0-737-gf0a300a (webtiles) character file.

4022 MackTheKnife the Unseen (level 10, -12/47 HPs)
             Began as a Spriggan Assassin on May 9, 2015.
             Killed from afar by a frost giant (53 damage)
             ... with a bolt of cold
             ... on level 15 of the Dungeon.
             The game lasted 00:18:49 (4982 turns).

MackTheKnife the Unseen (Spriggan Assassin)         Turns: 4982, Time: 00:18:49

Health: -12/47     AC: 12    Str:  7    XL:     10   Next: 4%
Magic:  11/11      EV: 23    Int: 12    God:
Gold:   279        SH:  0    Dex: 22    Spells: 0 memorised, 9 levels left

rFire  . . .     SeeInvis +     a - +3 dagger (holy)
rCold  . . .     Clarity  .     h - quicksilver dragon armour {MR+}
rNeg   . . .     SustAb   .     (shield restricted)
rPois  .         Gourm    .     (helmet restricted)
rElec  .         Spirit   .     d - +2 cloak
rCorr  .         Warding  .     (gloves unavailable)
rMut   .         Stasis   .     (boots unavailable)
MR     ++...                    (no amulet)
Stlth  ++++++++..               (no ring)
                                k - ring of wizardry {Wiz+, !d}

@: very quick, very resistant to hostile enchantments, extraordinarily stealthy
A: unfitting armour, see invisible, herbivore 3, speed 3, slow metabolism 2
a: no special abilities


You were on level 15 of the Dungeon.
You were full.

You visited 2 branches of the dungeon, and saw 16 of its levels.

You collected 383 gold pieces.
You spent 104 gold pieces at shops.

Inventory:

Hand weapons
 a - a +3 dagger of holy wrath (weapon)
   (You took it off a goblin on level 4 of the Dungeon)
 b - a +0 blowgun
Missiles
 e - 8 poisoned needles
 m - 6 needles of confusion
Armour
 d - a +2 cloak (worn)
 h - a quicksilver dragon armour (worn) {MR+}
   (You found it on level 8 of the Dungeon)
Jewellery
 k - a ring of wizardry (left hand) {Wiz+, !d}
   (You found it on level 10 of the Dungeon)
Magical devices
 p - a wand of fire (9)
   (You found it on level 4 of the Dungeon)
 q - a wand of disintegration (17)
   (You found it on level 12 of the Dungeon)
 s - a wand of paralysis (5)
   (You found it on level 8 of the Dungeon)
 u - a wand of teleportation (4)
   (You found it on level 7 of the Dungeon)
Scrolls
 l - a scroll of identify
 o - a scroll of immolation {!r}
 w - a scroll of fog
 x - a scroll of remove curse
Potions
 c - a potion of heal wounds
 g - 2 potions of magic
 i - 4 potions of curing
 j - 2 potions of resistance
 n - a potion of haste {unknown}
Books
 v - a book of the Sky
   (You found it on level 7 of the Dungeon)
Comestibles
 f - 5 bread rations {@e1}


   Skills:
 + Level 2.6 Fighting
 - Level 2.1 Throwing
 - Level 10.1 Dodging
 - Level 18.2 Stealth


You had 9 spell levels left.
You didn't know any spells.

Dungeon Overview and Level Annotations

Branches:
Dungeon (15/15)            Temple (1/1) D:4          Depths (0/5) D:15
   Lair: D:8-11         Orc: D:9-12      Vaults: D:13-14

Altars:
Cheibriados
Gozag
Kikubaaqudgha
Nemelex Xobeh
Okawaru
Qazlal
Ru
Sif Muna
Trog
Vehumet
Xom
Yredelemnul
The Shining One

Shops:
D:7 !

Annotations:
D:7 exclusion: slave, Duvessa
D:10 Herrn's ghost, powerful FoFi
D:11 exclusion: Erolcha, Erolcha
D:15 exclusion: efreet


Innate Abilities, Weirdness & Mutations

You are tiny and cannot use many weapons and most armour.
You have supernaturally acute eyesight.
You are a herbivore.
You cover ground extremely quickly.
You need consume almost no food.


Message History

The helpless basilisk fails to defend itself.
You stick the basilisk like a pincushion!!!!
You kill the basilisk!
You see here a basilisk corpse.
You open the door.
There is an open door here.
Health restored: 47 You open the door.
There is an open door here.
There is an open door here.
There is an open door here.
You open the door.
There is an open door here.
There is an open door here.
You open the door.
There is an open door here.
As you open the door, it creaks loudly!
There is an open door here.
You open the door.
There is an open door here.
Read which item? (? for menu, Esc to quit)
Okay, then.
A shadow comes into view.
A freezing wraith comes into view.
The floor.
Unknown command.
There is an open door here.
You close the door.
There is an open door here.
A freezing wraith opens the door.
You open the door.
There is an open door here.
You close the door.
n - a brown potion You open the door.
There is an open door here.
You close the door.
You open the door.
There is an open door here.
You open the door.
There is an open door here.
You open the door.
There is an open door here.
A centaur zombie comes into view. 2 ogres come into view.
You now have 279 gold pieces (gained 21).
A two-headed ogre comes into view. It is wielding two giant clubs.
There is an open door here.
Which direction?
There isn't anything that you can close there!
Unknown command.
Which direction?
You close the door.
There is an open door here.
There is an open door here.
A sheep comes into view.
A cyclops comes into view.
A sheep comes into view.
The cyclops moves out of view.
You hit the sheep. The sheep completely misses you.
You hit the sheep. The sheep barely misses you.
You hit the sheep. The sheep completely misses you.
The sheep bellows!
You hit the sheep.
You hear a shout!
The sheep completely misses you.
You hit the sheep.
You kill the sheep!
You barely miss the sheep. The sheep completely misses you.
You hit the sheep but do no damage. The sheep closely misses you.
You barely miss the sheep. The sheep bites you!
You take 9 damage, and have 38/47 hp.
You hit the sheep. The sheep completely misses you.
You hit the sheep. The sheep bites you but does no damage.
You completely miss the sheep. The sheep completely misses you.
You barely miss the sheep. The sheep barely misses you.
You hit the sheep. The sheep misses you.
You hit the sheep but do no damage. The sheep completely misses you.
Found an escape hatch in the ceiling.
You open the door.
The cyclops throws a large rock.
The large rock completely misses you.
There is an open door here.
You close the door.
A yaktaur comes into view.
You open the door.
A frost giant comes into view. It is wielding a battleaxe of freezing.
The frost giant shouts!
Found a staircase to the Depths.
Read which item? (? for menu, Esc to quit)
Okay, then.
Aim: a frost giant, wielding a battleaxe of freezing The bolt of fire hits the frost giant.
This wand has 9 charges left.
Drink which item? (? for menu, Esc to quit)
Okay, then.
Read which item? (? for menu, Esc to quit)
Okay, then.
The frost giant gestures at you while chanting.
The bolt of cold hits you!
Ouch! That really hurt!
You die...

..#....# ......#.......C........
..'./..# u.....#......##...)....
..#....# ..u.. #(.Y...##...#####
..#....# . ####+####.##C.......
..#....# #≈≈...≈≈#...........
..#....# #≈..#..≈#...........
..#....# #.#.#.#.#...........
..#.##.# #.≈.≈.≈.#...........
###.##.#######.≈@..≈.#.#########.
..##.......#.≈...≈.#.........#.
...##.......#.##C##.#.........#.
...##.......#. ... .#.........#.
#...##.....<.#.#.>.# #.........#.
# #########c+...+ ###########.
#########....################....
#.......#........#..........#....
#.......#........#.........)#....


You could see a frost giant.

Vanquished Creatures
  A flayed ghost (D:8)
  A hill giant (D:15)
  A centaur skeleton (D:13)
  A wyvern (D:13)
  5 wraiths
  A deep elf mage (D:15)
  A basilisk (D:15)
  A hippogriff (D:13)
  A soldier ant (D:11)
  A water moccasin (D:7)
  A sky beast (D:9)
  An eye of draining (D:13)
  4 ogres
  3 giant frogs
  A scorpion (D:8)
  3 wights (D:10)
  A centaur zombie (D:6)
  A jelly (D:9)
  2 hounds
  3 worker ants
  An iguana (D:12)
  A sheep (D:15)
  2 shadow imps
  5 adders
  An ooze (D:1)
  2 worms (D:2)
  A giant gecko (D:1)
  2 orcs
  9 bats
  2 giant cockroaches
  5 hobgoblins
  2 jackals (D:3)
  5 kobolds
  2 quokkas
  2 giant newts
  7 goblins
  4 rats
87 creatures vanquished.

Vanquished Creatures (others)
  7 bushes (D:15)
7 creatures vanquished.

Grand Total: 94 creatures vanquished

Notes
Turn   | Place    | Note
--------------------------------------------------------------
     0 | D:1      | MackTheKnife, the Spriggan Assassin, began the quest for the Orb.
     0 | D:1      | Reached XP level 1. HP: 10/10 MP: 2/2
    52 | D:1      | Reached skill level 6 in Stealth
   150 | D:1      | Reached XP level 2. HP: 12/14 MP: 3/3
   390 | D:1      | Reached skill level 7 in Stealth
   656 | D:2      | Reached XP level 3. HP: 18/18 MP: 4/4
   751 | D:3      | Reached skill level 8 in Stealth
  1338 | D:4      | Reached XP level 4. HP: 22/22 MP: 5/5
  1342 | D:4      | Noticed an ogre
  1376 | D:4      | Killed an ogre
  1376 | D:4      | Reached skill level 10 in Stealth
  1376 | D:4      | Reached XP level 5. HP: 25/25 MP: 6/6
  1552 | D:4      | Found a staircase to the Ecumenical Temple.
  1562 | Temple   | Entered the Ecumenical Temple
  2010 | D:5      | Entered Level 5 of the Dungeon
  2014 | D:5      | Noticed a phantom
  2050 | D:5      | Found an ancient bone altar of Kikubaaqudgha.
  2238 | D:6      | Noticed an orc warrior
  2318 | D:6      | Noticed an orc warrior
  2390 | D:7      | Noticed a water moccasin
  2392 | D:7      | Reached skill level 11 in Stealth
  2392 | D:7      | Reached XP level 6. HP: 30/30 MP: 7/7
  2398 | D:7      | Found Efinugag's Distillery.
  2398 | D:7      | Noticed an ogre
  2399 | D:7      | Killed a water moccasin
  2429 | D:7      | Noticed Duvessa
  2440 | D:7      | Killed an ogre
  2440 | D:7      | Reached skill level 12 in Stealth
  2447 | D:7      | Bought a potion of heal wounds for 65 gold pieces
  2447 | D:7      | Bought a potion of curing for 39 gold pieces
  2511 | D:7      | Noticed an ogre
  2511 | D:7      | Noticed a slave
  2579 | D:7      | Reached XP level 7. HP: 33/33 MP: 8/8
  2704 | D:8      | Reached skill level 13 in Stealth
  2714 | D:8      | Found an ancient bone altar of Kikubaaqudgha.
  2734 | D:8      | Found a stormy altar of Qazlal.
  2737 | D:8      | Noticed a wraith
  2747 | D:8      | Killed a wraith
  2868 | D:8      | Found a stormy altar of Qazlal.
  2868 | D:8      | Noticed a fire bat
  2872 | D:8      | Found a runed door.
  2873 | D:8      | Noticed a wraith
  2878 | D:8      | Noticed a wraith
  2889 | D:8      | Found an opulent altar of Gozag.
  2923 | D:8      | Noticed a wraith
  2927 | D:8      | Found a deep blue altar of Sif Muna.
  2934 | D:8      | Found a bloodstained altar of Trog.
  2934 | D:8      | Noticed a fire bat
  2938 | D:8      | Noticed a wraith
  2942 | D:8      | Killed a wraith
  2942 | D:8      | Reached skill level 14 in Stealth
  2959 | D:8      | Noticed a flayed ghost
  2962 | D:8      | Killed a flayed ghost
  2962 | D:8      | Reached skill level 16 in Stealth
  2962 | D:8      | Reached XP level 8. HP: 37/37 MP: 9/9
  3006 | D:8      | Killed a wraith
  3017 | D:8      | Killed a wraith
  3017 | D:8      | Reached skill level 17 in Stealth
  3170 | D:9      | Reached skill level 2 in Dodging
  3198 | D:10     | Entered Level 10 of the Dungeon
  3210 | D:10     | Noticed Herrn's ghost (powerful FoFi)
  3211 | D:10     | Reached skill level 3 in Dodging
  3222 | D:10     | Reached skill level 4 in Dodging
  3222 | D:10     | Reached XP level 9. HP: 41/41 MP: 10/10
  3236 | D:9      | Reached skill level 5 in Dodging
  3350 | D:11     | Reached skill level 6 in Dodging
  3399 | D:11     | Noticed Erolcha
  3418 | D:11     | Noticed a centaur skeleton
  3501 | D:13     | Noticed a centaur skeleton
  3503 | D:13     | Killed a centaur skeleton
  3503 | D:13     | Reached skill level 8 in Dodging
  3605 | D:13     | Reached skill level 9 in Dodging
  3775 | D:13     | Noticed an unseen horror
  3937 | D:13     | Noticed a hill giant
  3949 | D:13     | Noticed a centaur warrior
  4174 | D:13     | Reached skill level 10 in Dodging
  4223 | D:14     | Noticed a hill giant
  4258 | D:15     | Entered Level 15 of the Dungeon
  4287 | D:15     | Noticed a hill giant
  4294 | D:15     | Killed a hill giant
  4294 | D:15     | Reached skill level 18 in Stealth
  4307 | D:15     | Noticed a brown ugly thing
  4308 | D:15     | Noticed a brown ugly thing
  4450 | D:15     | Noticed a fire dragon
  4479 | D:15     | Noticed an efreet
  4601 | D:15     | Noticed a centaur skeleton
  4616 | D:15     | Noticed a cyclops
  4658 | D:15     | Reached skill level 2 in Fighting
  4658 | D:15     | Reached XP level 10. HP: 44/46 MP: 11/11
  4859 | D:15     | Noticed a centaur zombie
  4918 | D:15     | Noticed a cyclops
  4976 | D:15     | Noticed a yaktaur
  4980 | D:15     | Found a staircase to the Depths.
  4980 | D:15     | Noticed a frost giant
  4982 | D:15     | Killed from afar by a frost giant

Action                   |  1- 3 |  4- 6 |  7- 9 | 10-12 || total
-------------------------+-------+-------+-------+-------++-------
Melee: Dagger            |   102 |    27 |   112 |    15 ||   256
 Fire: Blowgun           |       |    14 |     1 |       ||    15
Evoke: Wand              |       |       |    10 |     1 ||    11
  Use: Scroll            |       |     7 |    16 |       ||    23
       Potion            |       |       |     1 |       ||     1
 Stab: Sleeping          |    13 |     7 |    24 |     1 ||    45
       Paralysed         |       |       |     1 |       ||     1
  Eat: Bread ration      |       |       |     1 |       ||     1

Vault maps used:
D:1:      onia_arrival_pentagram, minmay_misc_feat_more_columns,
          grunt_decor_one_mirror, hangedman_decor_clover_reticule
D:2:      makhleb_altar_promises_db, kennysheep_generic_room_14
D:4:      lemuel_temple_firewalk, minmay_crossroads
D:5:      elyvilon_altar_5, kiku_gazebo_pond_becter,
          nicolae_overflow_hidden_temple, gup_sewer_entry_pipe, first_bread,
          uniq_grinder
D:6:      nicolae_ossuary_entry_catacombs, roderic_greek_sauvastika,
          minmay_door_square, minivault_26
D:7:      kennysheep_housing_project, grunt_temple_overflow_forces_of_nature,
          serial_shops, nicolae_shop_trees, uniq_pikel, uniq_duvessa,
          uniq_joseph
D:8:      due_megacathedral, lemuel_coloured_pillars_altar,
          general_overflow_altar, serial_shops, nicolae_shop_window_shopping,
          grunt_livestock
D:9:      kennysheep_mini
D:10:     forest_paths, enter_trove_2
D:11:     david_lair_shrubbed, orc_0_dummy, basic_altar, spider_trap,
          bh_hangedman_babel_library, uniq_nergalle, uniq_erolcha
D:12:     minmay_crystal_water
D:13:     david_vaults_1, uniq_snorg
D:14:     basic_altar
D:15:     grunt_enter_depths_snipers, minmay_hedge_maze
Temple:   minmay_temple_curvy_8

Table legend:
 A = Turns spent in this place as a percentage of turns spent in the entire game.
 B = Non-inter-level travel turns spent in this place as a percentage of non-inter-level travel turns spent in the entire game.
 C = Inter-level travel turns spent in this place as a percentage of turns spent in this place.
 D = Turns resting spent in this place as a percentage of non-inter-level travel turns spent in this place.
 E = Turns spent auto-exploring this place as a percentage of non-inter-level travel turns spent in this place.
 F = Non-inter-level travel turns spent in this place divided by the number of levels of this place that you've seen.
                   A       B       C       D       E      F
               +-------+-------+-------+-------+-------+----------------------
         Total | 100.0 | 100.0 |   0.1 |   1.1 |   1.7 | 184.5
       Dungeon |  96.5 |  96.5 |   0.0 |   1.1 |   1.7 | 190.0
        Temple |   3.5 |   3.5 |   1.0 |   0.0 |   0.0 | 102.0
               +-------+-------+-------+-------+-------+----------------------

Table legend:
 A = Kills in this place as a percentage of kills in entire the game.
 B = Kills by you in this place as a percentage of kills by you in the entire game.
 C = Kills by friends in this place as a percentage of kills by friends in the entire game.
 D = Other kills in this place as a percentage of other kills in the entire game.
 E = Experience gained in this place as a percentage of experience gained in the entire game.
 F = Experience gained in this place divided by the number of levels of this place that you have seen.
                   A       B       C       D       E      F
               +-------+-------+-------+-------+-------+----------------------
         Total | 100.0 | 100.0 |  -nan |  -nan | 100.0 | 359.1
       Dungeon | 100.0 | 100.0 |  -nan |  -nan | 100.0 | 383.1
               +-------+-------+-------+-------+-------+----------------------
